 Dungeon Crawl Stone Soup version 0.27.0 (webtiles) character file.

Game seed: 12609486086840431064

3043 mainiacjoe the Covert (level 9, -12/39 HPs)
             Began as a Spriggan Earth Elementalist on July 31, 2021.
             Was a Follower of Ashenzari.
             Mangled by a two-headed ogre (22 damage)
             ... on level 8 of the Dungeon.
             The game lasted 00:34:05 (9820 turns).

mainiacjoe the Covert (Spriggan Earth Elementalist) Turns: 9820, Time: 00:34:07

Health: -12/39     AC:  5    Str:  4    XL:     9   Next: 56%
Magic:  4/14       EV: 18    Int: 17    God:    Ashenzari [*.....]
Gold:   581        SH:  0    Dex: 18    Spells: 3/13 levels left

rFire    . . .     SeeInvis +   a - +3 dagger "Secrets of Ashenzari" {distort, Cun, Elem} (curse)
rCold    . . .     Faith    .   (shield restricted)
rNeg     . . .     Spirit   .   v - +2 robe "Affliction of Ashenzari" {Archmagi, Fort, Bglg} (curse)
rPois    .         Reflect  .   (helmet restricted)
rElec    .         Harm     .   w - +0 cloak
rCorr    .         Rampage  .   (gloves unavailable)
Will     +....     Archmagi +   (boots unavailable)
Stlth    +++++.....             h - amulet of magic regeneration
HPRegen  0.13/turn              (no ring)
MPRegen  0.39/turn              (no ring)

@: very quick
A: very small, no large weapons, unfitting armour, see invisible, speed 3
a: Renounce Religion, Curse Item, Shatter the Chains


You were on level 8 of the Dungeon.
You worshipped Ashenzari.
Ashenzari was aware of your devotion.
You visited 2 branches of the dungeon, and saw 9 of its levels.
You also visited: Ossuary.

You collected 581 gold pieces.

Inventory:

Hand Weapons
 a - the cursed +3 dagger "Secrets of Ashenzari" (weapon) {distort, Cun, Elem}
   (You took it off a goblin on level 3 of the Dungeon)

   It warps and distorts space around it, and may blink, banish, or inflict
   extra damage upon those it strikes.
   Unwielding it can cause banishment or high damage.
   It has a curse which improves the following skills: Cunning: Dodging and
   Stealth.
   Elements:  Fire Magic, Ice Magic, Air Magic and Earth Magic.
Missiles
 c - 131 stones
 i - 38 bolts
 s - 56 arrows
 t - 2 silver boomerangs
 u - 8 poisoned darts (quivered)
Armour
 q - a +0 robe
 v - the cursed +2 robe "Affliction of Ashenzari" (worn) {Archmagi, Fort, Bglg}
   (You took it off Blork the orc on level 4 of the Dungeon)

   It has a curse which improves the following skills: Fortitude: Armour and
   Shields.
   Beguiling: Conjurations, Hexes and Translocations.
 w - a +0 cloak (worn)
Jewellery
 h - an amulet of magic regeneration (around neck)
Wands
 o - a wand of acid (13)
 y - a wand of paralysis (13)
 G - a wand of digging (5)
Scrolls
 b - a scroll of acquirement
 g - 4 scrolls of teleportation
 j - a scroll of amnesia
 k - 3 scrolls of identify
 l - 4 scrolls of vulnerability
 m - a scroll of holy word
 n - 2 scrolls of fear
 p - a scroll of immolation
 x - 3 scrolls of magic mapping
 J - a scroll of fog
Potions
 d - 4 potions of magic
 e - 2 potions of ambrosia
 f - 4 potions of haste
 r - a potion of attraction
 z - 4 potions of flight
 A - a potion of might
 B - a potion of berserk rage
 C - a potion of brilliance
 D - 2 potions of resistance
 E - 3 potions of lignification
 F - a potion of invisibility
 I - 3 potions of curing


   Skills:
 + Level 9.4 Short Blades
 - Level 2.6(3.5) Dodging
 - Level 10.0(10.9) Stealth
 - Level 2.6 Spellcasting
 - Level 2.0(2.7) Conjurations
 - Level 6.0 Transmutations
 + Level 6.1(7.2) Earth Magic


You had 3 spell levels left.
You knew the following spells:

 Your Spells              Type           Power      Damage    Failure   Level
a - Sandblast             Erth           80%        2d17      1%          1
b - Passwall              Tmut/Erth      30%        N/A       1%          2
c - Stone Arrow           Conj/Erth      56%        3d10      7%          3
d - Petrify               Tmut/Erth      37%        N/A       12%         4

Your spell library contained the following spells:

 Spells                   Type           Power      Damage    Failure   Level
 Foxfire                  Conj/Fire      40%        2x1d6     10%         1
 Freeze                   Ice            12%        1d4       17%         1
 Conjure Flame            Conj/Fire      10%        6-21      30%         3
 Frozen Ramparts          Ice            6%         1d2       45%         3
 Inner Flame              Hex/Fire       3%         N/A       45%         3
 Hailstorm                Conj/Ice       10%        3d5       69%         4
 Summon Forest            Summ/Tloc      1%         N/A       99%         5
 Summon Mana Viper        Hex/Summ       3%         N/A       99%         5
 Shadow Creatures         Summ           N/A        N/A       100%        6


Dungeon Overview and Level Annotations

Branches:
Dungeon (8/15)             Temple (1/1) D:4         Ossuary (visited)
   Lair: D:8-11

Altars:
Ashenzari
Cheibriados
Dithmenos
Elyvilon
Fedhas
Gozag
Hepliaklqana
Kikubaaqudgha
Nemelex Xobeh
Okawaru
Qazlal
Ru
Sif Muna
Trog
Uskayaw
Wu Jian
Xom
Yredelemnul
Zin
The Shining One
Lugonu

Shops:
D:8 [


Innate Abilities, Weirdness & Mutations

You are very small and have problems with some larger weapons.
You are too small for most types of armour.
You have supernaturally acute eyesight. (SInv)
You cover ground extremely quickly. (Speed+++)


Message History

The spell is quite dangerous to cast (12% risk of failure)!
Continue anyway? [Y]es or [N]o only, please.
The spell is quite dangerous to cast (12% risk of failure)!
Continue anyway?
Aiming: Petrify (quite dangerous; 12% risk of failure)
Press: ? - help, Shift-Dir - straight line, f - yak
Aim: a yak (chance to affect: 64%)
You feel a surge of power!
The yak struggles to resist.
Casting: Petrify (quite dangerous; 12% risk of failure)
Confirm with . or Enter, or press ? or * to list all spells.
The spell is quite dangerous to cast (12% risk of failure)!
Continue anyway? [Y]es or [N]o only, please.
The spell is quite dangerous to cast (12% risk of failure)!
Continue anyway?
Aiming: Petrify (quite dangerous; 12% risk of failure)
Press: ? - help, Shift-Dir - straight line, f/p - yak
Aim: a yak (chance to affect: 64%)
You feel a surge of power!
The yak struggles to resist.
Casting: Petrify (quite dangerous; 12% risk of failure)
Confirm with . or Enter, or press ? or * to list all spells.
The spell is quite dangerous to cast (12% risk of failure)!
Continue anyway? [Y]es or [N]o only, please.
The spell is quite dangerous to cast (12% risk of failure)!
Continue anyway?
Aiming: Petrify (quite dangerous; 12% risk of failure)
Press: ? - help, Shift-Dir - straight line, f/p - yak
Aim: a yak (chance to affect: 64%)
You feel a surge of power!
The yak struggles to resist.
The wyvern hisses angrily.
You hit the yak but do no damage.
The yak is devoured by a tear in reality.
There is an open door here.
You hit the two-headed ogre but do no damage.
The two-headed ogre blinks!
There is a stone staircase leading up here.
You hit the two-headed ogre.
Space bends around the two-headed ogre.
The two-headed ogre is lightly wounded.
The two-headed ogre hits you with a +0 giant club!!
Ouch! That really hurt!
* * * LOW HITPOINT WARNING * * *
The two-headed ogre hits you with a +0 giant spiked club!!
Ouch! That really hurt!
You die...

...#######.##.>......... ..#
#.############. ..# #.# #. ..#
##'## #. ### #.# ##...## #.
#... #.# ##.....## ####.
.....###.# ##.......## ##.##.
.l....'..###....>....####...#.
..∩...'..l.'<@O......'..).....
......'.####.........####)....
.....#### ##.......## ##..#.
#...#### ##.....## #..... ###
#..########...## #.#.#.
##.........#'## #.#.#.
#..######.#.# #..... #..#
#.#.#### ###.#.
#..######.#.##.## #...


You could see a two-headed ogre and a wyvern.

Vanquished Creatures
  An ugly thing (D:6)
  Duvessa (D:5)
  2 black bears
  An ogre (D:5)
  2 centaurs
  2 phantoms (D:5)
  Blork the orc (D:4)
  A bullfrog (D:7)
  2 scorpions (D:6)
  Dowan (D:5)
  2 water moccasin skeletons (D:4)
  6 wights
  3 howler monkeys
  3 centaur skeletons
  4 orc priests
  2 hounds
  Crazy Yiuf (D:4)
  A bullfrog skeleton (D:6)
  A gnoll shaman (D:6)
  Terence (D:3)
  An iguana (D:5)
  2 orc wizards (D:6)
  A scorpion zombie (D:5)
  7 mummies (Ossuary)
  A howler monkey zombie (D:4)
  6 adders
  12 gnolls
  A white imp (D:6)
  2 ufetubi
  2 worms
  A dart slug (D:2)
  11 orcs
  3 endoplasms
  3 giant cockroaches
  7 goblins
  10 hobgoblins
  2 jackals (D:4)
  5 quokkas
  4 ball pythons
  6 bats
  4 frilled lizards
  3 hobgoblin zombies (Ossuary)
  5 kobolds
  2 kobold zombies (Ossuary)
  3 orc zombies (Ossuary)
  A quokka skeleton (D:4)
  2 rats
145 creatures vanquished.

Vanquished Creatures (others)
  2 demonic plants (Temple)
  37 plants (D:3)
39 creatures vanquished.

Grand Total: 184 creatures vanquished

Notes
Turn   | Place    | Note
-------+----------+-------------------------------------------
     0 | D:1      | mainiacjoe the Spriggan Earth Elementalist began the quest
                  | for the Orb.
     0 | D:1      | Reached XP level 1. HP: 9/9 MP: 5/5
    36 | D:1      | You fall into a shaft and drop 1 floor!
    72 | D:2      | Found Xexzingoam's Antique Weapon Boutique.
   561 | D:1      | Found a faded altar of an unknown god.
   601 | D:1      | Reached XP level 2. HP: 13/13 MP: 6/6
   604 | D:1      | Learned a level 2 spell: Passwall
   884 | D:1      | Reached skill level 1 in Short Blades
  1223 | D:2      | Reached skill level 4 in Stealth
  1223 | D:2      | Reached XP level 3. HP: 16/16 MP: 5/8
  1662 | D:2      | Reached XP level 4. HP: 17/21 MP: 4/9
  1711 | D:1      | Learned a level 3 spell: Stone Arrow
  2643 | D:3      | Noticed Terence
  2670 | D:3      | Killed Terence
  2671 | D:3      | Reached XP level 5. HP: 24/24 MP: 10/10
  2748 | D:3      | Found a stormy altar of Qazlal.
  2752 | D:3      | Found a bloodstained altar of Trog.
  3026 | D:3      | Found a shimmering altar of Xom.
  3036 | D:3      | Found a glowing golden altar of the Shining One.
  3197 | D:3      | Reached skill level 5 in Stealth
  3950 | D:4      | Reached skill level 1 in Conjurations
  4045 | D:4      | Identified the +2 robe "Azxis" {rF+++ rN+++ Str-5 Int-2}
  4051 | D:4      | Noticed Blork the orc
  4079 | D:4      | Reached XP level 6. HP: 28/28 MP: 11/11
  4176 | D:4      | Reached skill level 5 in Earth Magic
  4284 | D:4      | Reached skill level 6 in Stealth
  4329 | D:4      | Found a large runed translucent door.
  4329 | D:4      | Found a large runed translucent door.
  4342 | D:4      | Killed Blork the orc
  4343 | D:4      | Reached XP level 7. HP: 16/32 MP: 5/12
  4577 | D:4      | Found a runed translucent door.
  4578 | D:4      | Noticed Crazy Yiuf
  4587 | D:4      | Killed Crazy Yiuf
  4600 | D:4      | Learned a level 4 spell: Petrify
  4666 | D:4      | Found a staircase to the Ecumenical Temple.
  4678 | Temple   | Entered the Ecumenical Temple
  4763 | D:4      | Found a sparkling altar of Nemelex Xobeh.
  4763 | D:4      | Found an ornate altar of the Wu Jian Council.
  4858 | D:4      | Found a basalt altar of Yredelemnul.
  4865 | D:4      | Found a hazy altar of Hepliaklqana.
  4913 | D:5      | Entered Level 5 of the Dungeon
  4930 | D:5      | Found a shadowy altar of Dithmenos.
  5189 | D:5      | Found a sand-covered staircase.
  5213 | Ossuary  | Entered an ossuary
  5333 | Ossuary  | Reached skill level 7 in Stealth
  5783 | D:5      | Reached skill level 5 in Short Blades
  5797 | D:5      | Reached skill level 8 in Stealth
  5797 | D:5      | Reached XP level 8. HP: 19/36 MP: 13/13
  6114 | D:5      | Noticed Duvessa
  6148 | D:5      | Killed Duvessa
  6150 | D:5      | Noticed Dowan
  6175 | D:5      | Killed Dowan
  6417 | D:5      | Reached skill level 9 in Stealth
  7091 | D:6      | Found a broken altar of Ashenzari.
  7144 | D:6      | Became a worshipper of Ashenzari the Shackled
  7334 | D:6      | Reached skill level 10 in Stealth
  7497 | D:6      | Noticed a white ugly thing
  7524 | D:6      | Killed a white ugly thing
  7525 | D:6      | Reached XP level 9. HP: 39/39 MP: 12/14
  7880 | D:6      | Identified a scroll of acquirement
  8488 | D:7      | Found an ancient bone altar of Kikubaaqudgha.
  8559 | D:7      | Reached skill level 5 in Transmutations
  8651 | D:7      | Reached * piety under Ashenzari
  8857 | D:7      | Found an iron altar of Okawaru.
  9806 | D:8      | Found Rekh's Antique Armour Boutique.
  9806 | D:8      | Noticed a two-headed ogre
  9820 | D:8      | Mangled by a two-headed ogre

Illustrated notes

Levels and vault maps discovered:
D:1:      minmay_arrival_radiant_lines, layout_basic,
          hellmonk_ecumenical_altar_arch_garden, minivault_14
D:2:      layout_basic, serial_shops, shop
D:3:      layout_basic, mainiacjoe_overflow_large_starburst,
          grunt_temple_overflow_open, serial_bayou_lagoon_a, uniq_terence
D:4:      layout_rooms, gammafunk_temple_overflow_elements,
          jmf_multi_god_temple2, minmay_temple_entry_glassed_door,
          uniq_blork_the_orc, uniq_crazy_yiuf_cottage
D:5:      layout_loops_ring, nicolae_dithmenos_the_darkroom,
          lightli_ossuary_entry_decrepit_ruins, uniq_duvessa
D:6:      layout_loops_corners, mainiacjoe_overflow_brackets, minmay_microvault
D:7:      layout_gridville, mainiacjoe_overflow_catwalk,
          okawaru_altar_gauntlet_db, hex_tiny, serial_park_tiny_1
D:8:      layout_loops_corners, kennysheep_windowed_goal, uniq_prince_ribbit1
Temple:   corrupted_temple

Skill      XL: |  1  2  3  4  5  6  7  8  9 |
---------------+----------------------------+-----
Earth Magic    | 3 4 5 6 |  6.1
Short Blades   | 1 2 3 5 8 9 |  9.4
Stealth        | 4 5 6 8 10 | 10.0
Conjurations   | 1 2 |  2.0
Transmutations | 4 6 |  6.0
Dodging        | |  2.6
Spellcasting   | |  2.6

Action                   |  1- 3 |  4- 6 |  7- 9 || total
-------------------------+-------+-------+-------++-------
Melee: Short sword       |    44 |    64 |       ||   108
       Dagger            |       |    59 |   244 ||   303
Throw: Dart              |       |    13 |    52 ||    65
       Boomerang         |       |       |     3 ||     3
 Cast: Sandblast         |    18 |    17 |    18 ||    53
       Passwall          |     2 |     5 |     5 ||    12
       Stone Arrow       |       |     2 |     5 ||     7
       Petrify           |       |       |     5 ||     5
Invok: Curse Item        |       |       |     2 ||     2
  Use: Scroll            |       |     1 |     6 ||     7
 Stab: Sleeping          |     8 |     9 |    13 ||    30
       Distracted        |       |       |     2 ||     2
       Petrified         |       |       |     2 ||     2
Armor: Robe              |     3 |     9 |    22 ||    34
Dodge: Dodged            |    36 |    96 |   117 ||   249
